AoeStats
← one a fish

Nomad

510766347Analyzed
2v2 RM · 16h ago on Oct 2, 2026· 46m 38s· 4 players
Game mode
Random Map
Map size
176×176
Population
200
Speed
Normal
Resources
Standard
Victory
Conquest
Starting age
Dark Age
Ending age
Imperial Age
RankedLock teamsTeams togetherTeam positionsShared explorationLock speedFull tech treeHidden civsTurbo modeCheats
Victory
Defeat
🇺🇸 Lithuanians · United States
823
+16
🇵🇹 Persians · Portugal
789
+17
🇧🇪 Cumans · Belgium
866
-18
🇨🇳 Huns · China
771
-15
Leeeroy__Jenkins
6:22 Loom
14:28 Feudal Age
14:58 Double-Bit Axe
18:10 Stone Mining
22:51 Castle Age
20:53 Gold Mining
22:35 Scale Barding Armor
22:41 Forging
22:45 Bloodlines
24:20 Bow Saw
27:36 Iron Casting
29:59 Husbandry
31:37 Medium Warships
33:31 Chain Barding Armor
34:06 Fervor
36:14 Fletching
36:24 Padded Archer Armor
37:31 Wheelbarrow
36:41 Town Watch
37:03 Elite Skirmisher
38:25 Thumb Ring
44:49 Imperial Age
46:09 Sanctity
45:31 Cavalier
Anduril
16:33 Feudal Age
19:16 Double-Bit Axe
23:07 Castle Age
21:38 Scale Barding Armor
21:44 Forging
21:47 Bloodlines
23:02 Horse Collar
23:31 Gold Mining
25:09 Bow Saw
25:01 Heavy Plow
28:55 Wheelbarrow
28:06 Town Watch
33:01 Hand Cart
33:06 Husbandry
34:18 Chain Barding Armor
34:34 Iron Casting
39:37 Imperial Age
38:09 Fletching
38:21 Padded Archer Armor
38:28 Town Patrol
40:16 Cavalier
41:12 Citadels
40:24 Elite War Elephant
42:13 Plate Barding Armor
42:38 Blast Furnace
42:01 Savar
44:31 Blast Furnace
44:20 Heavy Scorpion
47:39 Chemistry
46:34 Murder Holes
MafiaTurkish58
15:29 Feudal Age
23:19 Castle Age
26:41 Double-Bit Axe
26:48 Horse Collar
27:32 Town Watch
30:15 Padded Archer Armor
30:06 Fletching
31:20 Leather Archer Armor
32:53 Thumb Ring
33:28 Bodkin Arrow
35:42 Gold Mining
35:43 Stone Mining
36:18 Pikeman
37:33 Bow Saw
37:27 Heavy Plow
45:20 Imperial Age
one a fish
16:43 Feudal Age
19:04 Loom
19:52 Double-Bit Axe
19:52 Horse Collar
22:42 Castle Age
22:09 Wheelbarrow
21:39 Stone Mining
21:40 Gold Mining
23:43 Bow Saw
24:13 Heavy Plow
25:54 Gold Shaft Mining
29:05 Forging
30:47 Husbandry
30:58 Bloodlines
40:54 Iron Casting
40:25 Scale Barding Armor
41:58 Marauders
Connection lost

Rejoining the realm…

Still unreachable

The connection could not be restored.

Session expired

The server has moved on; the page needs a fresh start.